 Dungeon Crawl Stone Soup version 0.20-a0-909-g1a4ba80 (webtiles) character file.

905 BrendanD the Slasher (level 7, -6/85 (88) HPs)
             Began as a Demonspawn Berserker on Mar 24, 2017.
             Was a Priest of Trog.
             Mangled by a two-headed ogre
             ... wielding a +0 giant club
              (12 damage)
             ... on level 6 of the Dungeon.
             The game lasted 00:15:22 (5575 turns).

BrendanD the Slasher (Demonspawn Berserker)         Turns: 5575, Time: 00:15:22

HP:   -6/85 (88)    AC: 11    Str: 23    XL:     7   Next: 80%
MP:   7/7           EV: 12    Int:  9    God:    Trog [***...]
Gold: 305           SH:  0    Dex: 13    Spells: 6/6 levels left

rFire    . . .     SeeInvis .   a - +0 falchion
rCold    . . .     Gourm    .   b - +0 animal skin
rNeg     . . .     Faith    .   (no shield)
rPois    .         Spirit   .   n - +0 helmet
rElec    .         Reflect  .   (no cloak)
rCorr    .         Harm     .   (no gloves)
MR       .....                  (no boots)
Stlth    ..........             (no amulet)
Regen    0.3/turn               g - +4 ring of protection
MPRegen  0.1/turn               l - +3 ring of protection

@: berserking, very quick
A: rugged brown scales 1, demonic guardian 1
a: Berserk, Trog's Hand, Burn Spellbooks, Renounce Religion


You were on level 6 of the Dungeon.
You worshipped Trog.
Trog was most pleased with you.
You were not hungry.

You visited 1 branch of the dungeon, and saw 6 of its levels.
You also visited: Ossuary.

You collected 305 gold pieces.

Inventory:

Hand Weapons
 a - a +0 falchion (weapon)
Armour
 b - a +0 animal skin (worn)
 n - a +0 helmet (worn)
Jewellery
 g - a +4 ring of protection (right hand)
 j - an uncursed ring of resist corrosion
 l - a +3 ring of protection (left hand)
 p - a +2 ring of intelligence
 u - an uncursed amulet of guardian spirit {unknown}
 x - an uncursed amulet of guardian spirit {unknown}
Wands
 t - a wand of polymorph (6/24)
 z - a wand of paralysis (7/24)
 A - a wand of lightning (7/15)
Scrolls
 d - a scroll of blinking
 i - a scroll of immolation {!r}
 k - 3 scrolls of recharging
 o - 3 scrolls of teleportation {@r4}
 w - 4 scrolls of identify {@r1}
 y - a scroll of fog {unknown}
 B - a scroll of enchant armour {unknown}
 F - a scroll of fear {unknown}
Potions
 e - 3 potions of haste {@q3}
 h - a potion of brilliance {unknown}
 m - 2 potions of heal wounds {unknown}
 q - a potion of flight
 r - a potion of invisibility
 v - a potion of agility {unknown}
 C - a potion of might {unknown}
 D - 2 potions of magic {unknown}
 E - 2 potions of berserk rage {unknown}
 G - a potion of curing {unknown}
Comestibles
 c - 4 bread rations
 f - 3 royal jellies
 s - a meat ration


   Skills:
 + Level 6.0 Fighting
 * Level 7.1 Long Blades
 - Level 1.7 Armour
 - Level 1.7 Dodging


You had 6 spell levels left.
You didn't know any spells.

Dungeon Overview and Level Annotations

Branches:
Dungeon (6/15)
 Temple: D:4-7

Altars:
Cheibriados
Hepliaklqana
Sif Muna
Yredelemnul


Innate Abilities, Weirdness & Mutations

You are partially covered in rugged brown scales. (AC +1, +3% HP)
A weak demonic guardian rushes to your aid.


Message History

The two-headed ogre hits your white imp with a giant club!
Your white imp dies!
The two-headed ogre hits your quasit with a giant club!!
Your quasit dies!
A red film seems to cover your vision as you go berserk!
You feel yourself moving faster!
You feel mighty!
You feel a lot more hungry. The two-headed ogre misses you.
You riposte.
You slash the two-headed ogre!
The two-headed ogre hits you with a giant club!!
* * * LOW HITPOINT WARNING * * *
You slash the two-headed ogre! You hit the two-headed ogre.
The two-headed ogre hits you with a giant club.
* * * LOW HITPOINT WARNING * * *
The two-headed ogre barely misses you.
You barely miss the two-headed ogre. You barely miss the two-headed ogre.
The two-headed ogre hits you with a giant club.
* * * LOW HITPOINT WARNING * * *
The two-headed ogre hits you with a giant club!
You die...

#.. ..# #.#..
#..##### #....
#...## ##....
######....####.....
#..................
#.###.#...####.....
#.##.###.## ##....
#O#.# ##.## ##...
#.@## ##.# ##..
#.#.## ##.## #+
#.##.###.##
#.....#..#####
#####........#
#.######.# #.# #.#
#..


You could see a two-headed ogre.

Vanquished Creatures
  A phantom (D:4)
  A necrophage (D:5)
  A scorpion (D:4)
  A bullfrog zombie (D:5)
  A centaur zombie (D:5)
  A hound (D:5)
  2 orc priests (D:4)
  An orc wizard (D:5)
  A centaur skeleton (D:4)
  An iguana (D:5)
  4 worker ants
  A mummy (Ossuary)
  A hound skeleton (D:4)
  Robin (D:2)
  3 gnolls (D:5)
  8 adders
  An ooze (D:2)
  An adder skeleton (D:5)
  A worm (D:3)
  A dart slug (D:4)
  A leopard gecko (D:5)
  2 orcs
  A ball python (D:5)
  4 giant cockroaches
  6 hobgoblins
  3 jackals (D:4)
  5 kobolds
  A quokka (D:5)
  3 bats
  4 frilled lizards
  7 gnoll skeletons (Ossuary)
  10 goblins
  6 kobold skeletons (Ossuary)
  12 orc skeletons (Ossuary)
  5 rats
  A spectral orc (D:2)
104 creatures vanquished.

Vanquished Creatures (collateral kills)
  A wraith (Ossuary)
  An ogre (D:4)
  A scorpion (D:4)
  A leopard gecko (D:2)
  3 orcs
  4 goblins (D:2)
  2 hobgoblins (D:2)
  A jackal (D:4)
14 creatures vanquished.

Grand Total: 118 creatures vanquished

Notes
Turn   | Place    | Note
-------+----------+-------------------------------------------
     0 | D:1      | BrendanD the Demonspawn Berserker began the quest for the Orb.
     0 | D:1      | Reached XP level 1. HP: 18/18 MP: 1/1
   435 | D:1      | Reached skill level 3 in Long Blades
   706 | D:1      | Gained mutation: A weak demonic guardian rushes to your aid. [demonic ancestry]
   706 | D:1      | Reached XP level 2. HP: 24/24 MP: 2/2
   912 | D:2      | Found a basalt altar of Yredelemnul.
   964 | D:2      | Noticed Robin
   975 | D:2      | Reached ** piety under Trog
   983 | D:2      | Reached XP level 3. HP: 20/29 MP: 3/3
   988 | D:2      | Killed Robin
  1228 | D:2      | Found a faded altar of an unknown god.
  1451 | D:3      | Found a hazy altar of Hepliaklqana.
  1829 | D:3      | Reached XP level 4. HP: 37/37 MP: 4/4
  2298 | D:4      | Noticed a phantom
  2360 | D:4      | Killed a phantom
  2360 | D:4      | Reached skill level 4 in Long Blades
  2360 | D:4      | Reached XP level 5. HP: 17/42 MP: 5/5
  2863 | D:4      | Reached skill level 5 in Long Blades
  3157 | D:4      | Gained mutation: You are partially covered in rugged brown scales. (AC +1, +3% HP) [demonic ancestry]
  3157 | D:4      | Reached XP level 6. HP: 26/50 MP: 6/6
  3171 | D:4      | Found a snail-covered altar of Cheibriados.
  3695 | D:4      | Reached skill level 5 in Fighting
  3921 | D:4      | Reached skill level 6 in Long Blades
  4058 | D:5      | Entered Level 5 of the Dungeon
  4178 | D:5      | Reached XP level 7. HP: 51/57 MP: 7/7
  4323 | D:5      | Found a deep blue altar of Sif Muna.
  4558 | D:5      | Found a sand-covered staircase.
  4567 | Ossuary  | Entered an ossuary
  4567 | Ossuary  | Noticed a wraith
  4567 | Ossuary  | Noticed a wraith
  4567 | Ossuary  | Noticed a wraith
  4582 | Ossuary  | Reached *** piety under Trog
  4829 | Ossuary  | Noticed a wraith
  4861 | Ossuary  | Killed a wraith
  4861 | Ossuary  | Reached skill level 7 in Long Blades
  5557 | D:6      | Noticed a two-headed ogre
  5575 | D:6      | Mangled by a two-headed ogre

Vault maps used:
D:1:      lightli_arrival_statue_moat
D:2:      yredelemnul_forgotten_temple_becter, chequers_ecumenical_altar_simple,
          uniq_robin
D:3:      lemuel_crystal_altar, first_bread
D:4:      kennysheep_slug_shrine
D:5:      lightli_ossuary_entry_decrepit_ruins, led_sif_pool
D:6:      minmay_temple_entry_fiery, basic_altar
Ossuary:  ossuary_due_mausoleum

Skill      XL: |  1  2  3  4  5  6  7 |
---------------+----------------------+-----
Long Blades    | 3 4 5 6 7 |  7.1
Fighting       | 4 5 6 |  6.0
Armour         | |  1.7
Dodging        | |  1.7

Action                   |  1- 3 |  4- 6 |  7- 9 || total
-------------------------+-------+-------+-------++-------
Melee: Falchion          |    96 |   159 |   173 ||   428
Invok: Berserk           |     1 |     2 |     2 ||     5
       Trog's Hand       |       |     1 |       ||     1
  Use: Scroll            |     2 |     9 |     1 ||    12
 Stab: Sleeping          |       |     1 |       ||     1
  Eat: Chunk             |     4 |     9 |     3 ||    16
       Meat ration       |       |       |     1 ||     1
Armor: Animal skin       |    30 |    54 |    60 ||   144
Dodge: Dodged            |    65 |    91 |   108 ||   264
       Rpst.: Falchion   |    18 |    21 |    26 ||    65
